 Dungeon Crawl Stone Soup version 0.25-a0-338-ge4dd1522aa (webtiles) character file.

Game seed: 12098488295968360751, levelgen mode: deterministic

341 ANON1729 the Sneak (level 6, -1/37 HPs)
             Began as an Octopode Fire Elementalist on Dec 27, 2019.
             Slain by Ijyb
             ... wielding a +8 club
              (9 damage)
             ... on level 3 of the Dungeon on Dec 28, 2019.
             The game lasted 00:07:59 (2985 turns).

ANON1729 the Sneak (Octopode Fire Elementalist)     Turns: 2985, Time: 00:07:59

Health: -1/37      AC:  1    Str:  8    XL:     6   Next: 56%
Magic:  0/10       EV: 14    Int: 19    God:
Gold:   220        SH:  0    Dex: 12    Spells: 6/11 levels left

rFire    . . .     SeeInvis .   h - +1 dagger (elec)
rCold    . . .     Gourm    .   (no shield)
rNeg     + . .     Faith    .   (helmet restricted)
rPois    .         Spirit   .   (no amulet)
rElec    .         Reflect  .   m - ring of teleportation (curse)
rCorr    .         Harm     .   n - ring of positive energy
MR       .....     Rnd*Tele +   (no ring)
Stlth    ++++......             (no ring)
HPRegen  0.12/turn              (no ring)
MPRegen  0.12/turn              (no ring)
                                (no ring)
                                (no ring)

@: no status effects
A: almost no armour, stealthy swim, amphibious, 8 rings, constrict 8, camouflage
1, gelatinous body 1
a: no special abilities


You were on level 3 of the Dungeon.
You were not hungry.

You visited 1 branch of the dungeon, and saw 3 of its levels.

You collected 220 gold pieces.

Inventory:

Hand Weapons
 d - a +0 dagger of speed
 h - a +1 dagger of electrocution (weapon)
Jewellery
 m - a cursed ring of teleportation (left tentacle)
 n - a ring of positive energy (right tentacle)
Wands
 i - a wand of disintegration (8)
Scrolls
 c - 2 scrolls of teleportation
 g - a scroll of identify {unknown}
 j - 2 scrolls of enchant armour {unknown}
 k - a scroll of remove curse {unknown}
 l - a scroll of fear {unknown}
Potions
 a - a potion of ambrosia {unknown}
 e - a potion of berserk rage {unknown}
 f - a potion of resistance {unknown}
 o - a potion of agility {unknown}
Comestibles
 b - a ration
 p - 5 chunks of flesh


   Skills:
 + Level 0.4 Fighting
 + Level 3.2 Dodging
 + Level 4.6 Stealth
 + Level 3.0 Spellcasting
 * Level 3.0 Conjurations
 * Level 4.5 Fire Magic


You had 6 spell levels left.
You knew the following spells:

 Your Spells              Type           Power        Failure   Level  Hunger
a - Foxfire               Conj/Fire      ###.         3%          1    None
b - Sticky Flame          Conj/Fire      ###.....     32%         4    ####...

Your spell library contained the following spells:

 Spells                   Type           Power        Failure   Level  Hunger
 Conjure Flame            Conj/Fire      ###.....     10%         3    ###....
 Inner Flame              Hex/Fire       ##......     19%         3    ###....
 Fireball                 Conj/Fire      ###.......   65%         5    ######.


Dungeon Overview and Level Annotations

Branches:
Dungeon (3/15)

Altars:

Annotations:
D:3 Ijyb


Innate Abilities, Weirdness & Mutations

You cannot wear most types of armour.
You are very stealthy in the water. (Stealth+)
You are amphibious.
You can wear up to eight rings at the same time.
You can use your tentacles to constrict eight enemies at once.
Your skin changes colour to match your surroundings (Stealth+).
Your rubbery body absorbs attacks. (AC +1, EV +1)


Message History

Confirm with . or Enter, or press ? or * to list all spells.
You conjure some foxfire!
Ijyb hits you with a +8 club!
The foxfire hits Ijyb.
Ijyb resists.
Ijyb is almost dead.
Ijyb hits you with a +8 club.
Your foxfire dissipates!
Casting: Foxfire (safe; 3% risk of failure)
Confirm with . or Enter, or press ? or * to list all spells.
You conjure some foxfire!
Ijyb hits you with a +8 club.
The foxfire hits Ijyb.
Ijyb resists.
Ijyb is almost dead.
The foxfire hits Ijyb.
Ijyb resists.
Ijyb is almost dead.
Ijyb screams, "You nasty!
Big nasty!"
Ijyb hits you with a +8 club.
* * * LOW HITPOINT WARNING * * *
Casting: Foxfire (safe; 3% risk of failure)
Confirm with . or Enter, or press ? or * to list all spells.
You conjure some foxfire!
Ijyb hits you with a +8 club!
You die...

#.##.######.# #
#.##........# #
#.########### #
#####.# #.....#
#.###.#
######.###.#
#.$...%...g########
######....v@v......
#####ยง######## #.#
#.# #.# ###


You could see Ijyb.

Vanquished Creatures
  A hungry ghost (D:2)
  Jessica (D:2)
  Natasha (twice) (D:2)
  Robin (D:2)
  2 adders
  An ooze (D:2)
  2 worms
  3 dart slugs (D:1)
  4 leopard geckos
  3 ball pythons
  8 bats
  5 giant cockroaches
  13 goblins
  11 hobgoblins
  7 jackals
  7 frilled lizards
  10 kobolds
  A rat (D:2)
82 creatures vanquished.

Vanquished Creatures (others)
  146 foxfires
146 creatures vanquished.

Grand Total: 228 creatures vanquished

Notes
Turn   | Place    | Note
-------+----------+-------------------------------------------
     0 | D:1      | ANON1729 the Octopode Fire Elementalist began the quest for
                  | the Orb.
     0 | D:1      | Reached XP level 1. HP: 11/11 MP: 3/3
   237 | D:1      | Reached XP level 2. HP: 4/17 MP: 0/5
   641 | D:1      | Reached XP level 3. HP: 10/21 MP: 2/6
  1384 | D:2      | Reached XP level 4. HP: 27/27 MP: 5/7
  1515 | D:2      | Upgraded the game from 0.25-a0-317-g5f8687bca5 to
                  | 0.25-a0-338-ge4dd1522aa
  1593 | D:2      | Noticed a hungry ghost
  1624 | D:2      | Learned a level 4 spell: Sticky Flame
  1641 | D:2      | Killed a hungry ghost
  1641 | D:2      | Reached XP level 5. HP: 31/31 MP: 1/9
  1649 | D:2      | Noticed Jessica
  1669 | D:2      | Killed Jessica
  1669 | D:2      | Reached XP level 6. HP: 24/36 MP: 0/10
  1777 | D:2      | Noticed Natasha
  1782 | D:2      | Killed Natasha
  1924 | D:2      | Noticed Robin
  1933 | D:2      | Killed Robin
  2300 | D:2      | Noticed Natasha
  2306 | D:2      | Killed Natasha
  2948 | D:3      | Noticed Ijyb
  2985 | D:3      | Slain by Ijyb

Levels and vault maps discovered:
D:1:      dpeg_arrival_pits, layout_basic, chequers_big_river
D:2:      layout_basic, uniq_natasha, uniq_jessica, uniq_robin
D:3:      layout_basic, uniq_ijyb

Skill      XL: |  1  2  3  4  5  6 |
---------------+-------------------+-----
Stealth        | 3 4 |  4.6
Conjurations   | 2 3 |  3.0
Fire Magic     | 4 |  4.5
Dodging        | 3 |  3.2
Spellcasting   | 3 |  3.0
Fighting       | |  0.4

Action                   |  1- 3 |  4- 6 || total
-------------------------+-------+-------++-------
Melee: Tentacles         |    13 |     8 ||    21
       Unarmed           |     2 |       ||     2
       Dagger            |    53 |    51 ||   104
       Constrict         |    15 |    14 ||    29
 Cast: Foxfire           |    38 |    56 ||    94
       Sticky Flame      |       |     2 ||     2
  Use: Scroll            |       |     2 ||     2
 Stab: Sleeping          |     3 |     7 ||    10
  Eat: Chunk             |     2 |     6 ||     8
Armor: Skin              |     2 |     2 ||     4
Dodge: Dodged            |    39 |    33 ||    72

Table legend:
 A = Non-vault XP
 B = Vault XP
 C = Vault XP percentage of total XP
 D = Non-vault monster count
 E = Vault monster count
 F = Vault count percentage of total count
                 A         B        C        D         E       F
            +---------+---------+-------+---------+---------+-------
      Total |     387 |     101 |  20.7 |      72 |      10 |  12.2
            +---------+---------+-------+---------+---------+-------
        D:1 |      59 |       0 |   0.0 |      28 |       0 |   0.0
        D:2 |     281 |     101 |  26.4 |      24 |      10 |  29.4
        D:3 |      47 |       0 |   0.0 |      20 |       0 |   0.0
            +---------+---------+-------+---------+---------+-------
